 Dungeon Crawl Stone Soup version 0.21-a0-460-g737a915 (webtiles) character file.

85 Laiders the Changer (level 4, -5/35 HPs)
             Began as a Draconian Transmuter on Nov 20, 2017.
             Slain by a gnoll
             ... wielding a +0 halberd
              (14 damage)
             ... on level 2 of the Dungeon.
             The game lasted 00:05:30 (1950 turns).

Laiders the Changer (Draconian Transmuter)          Turns: 1950, Time: 00:05:30

Health: -5/35      AC:  5    Str: 12    XL:     4   Next: 25%
Magic:  1/7        EV: 12    Int: 15    God:
Gold:   30         SH:  0    Dex: 11    Spells: 1/7 levels left

rFire    . . .     SeeInvis .   k - +0 dagger
rCold    . . .     Gourm    .   (no shield)
rNeg     . . .     Faith    .   (armour unavailable)
rPois    .         Spirit   .   (helmet restricted)
rElec    .         Reflect  .   (no cloak)
rCorr    .         Harm     .   (no gloves)
MR       .....                  (no boots)
Stlth    +.........             (no amulet)
HPRegen  0.11/turn              (no ring)
MPRegen  0.10/turn              (no ring)

@: appendage, very slightly contaminated
A: unfitting armour, horns 2, cold-blooded, AC +5
a: End Transformation


You were on level 2 of the Dungeon.
You were hungry.
You had grown temporary horns.
You visited 1 branch of the dungeon, and saw 2 of its levels.

You collected 30 gold pieces.

Inventory:

Hand Weapons
 k - a +0 dagger (weapon)
Missiles
 a - 19 arrows
Scrolls
 e - a scroll of magic mapping {unknown}
 f - a scroll of random uselessness {unknown}
 h - a scroll of teleportation {unknown}
 i - a scroll of identify {unknown}
Potions
 g - 2 potions of heal wounds {unknown}
 j - a potion of might {unknown}
 m - a potion of invisibility {unknown}
Books
 b - a book of Changes

   Spells                             Type                      Level
   a - Beastly Appendage              Transmutation                1
   b - Sticks to Snakes               Transmutation                2
   c - Spider Form                    Transmutation/Poison         3
   d - Ice Form                       Ice/Transmutation            4
   e - Blade Hands                    Transmutation                5
Comestibles
 c - a bread ration
 d - a royal jelly


   Skills:
 - Level 1.1 Fighting
 - Level 1.8 Dodging
 - Level 3.1 Unarmed Combat
 - Level 2.0 Spellcasting
 + Level 4.4 Transmutations


You had one spell level left.
You knew the following spells:

 Your Spells              Type           Power        Failure   Level  Hunger
a - Beastly Appendage     Tmut           ##....       3%          1    #......
b - Sticks to Snakes      Tmut           ##......     5%          2    ###....
c - Spider Form           Tmut/Pois      #.........   26%         3    ###....


Dungeon Overview and Level Annotations

Branches:
Dungeon (2/15)

Altars:
Qazlal


Innate Abilities, Weirdness & Mutations

Your plain brown scales are hard. (AC +5)
You cannot fit into any form of body armour.
You are cold-blooded and may be slowed by cold attacks.
You have a pair of horns on your head.


Message History

You headbutt the gnoll, but do no damage.
You are feeling hungry.
The gnoll closely misses you.
You hit the gnoll but do no damage. You tail-slap the gnoll.
The gnoll is moderately wounded.
The gnoll closely misses you.
The gnoll hits you from afar with a halberd.
You hit the gnoll.
The gnoll is heavily wounded.
The gnoll hits you with a club.
The gnoll hits you from afar with a halberd.
You completely miss the gnoll.
The gnoll is heavily wounded.
The gnoll barely misses you. The gnoll closely misses you.
You hit the gnoll. Your headbutt misses the gnoll. You tail-slap the gnoll.
The gnoll is almost dead.
The gnoll hits you with a club.
* * * LOW HITPOINT WARNING * * *
The gnoll hits you from afar with a halberd!
You die...

#########
........#######
..............#########.
......^.......'.@grg....
..............####gr..#.
########......# .....
##### ######## ....
....# ... ....# .. ....#
. ....# ....#


You could see 3 gnolls and 2 rats.

Vanquished Creatures
  3 gnolls (D:2)
  An ooze (D:1)
  3 worms (D:2)
  5 dart slugs
  3 bats
  3 goblins
  3 jackals
  2 kobolds
  3 frilled lizards (D:2)
  7 rats
33 creatures vanquished.

Vanquished Creatures (collateral kills)
  A gnoll (D:2)
  A leopard gecko (D:2)
  A bat (D:1)
  A hobgoblin (D:2)
  3 jackals
  A frilled lizard (D:2)
8 creatures vanquished.

Grand Total: 41 creatures vanquished

Notes
Turn   | Place    | Note
-------+----------+-------------------------------------------
     0 | D:1      | Laiders the Draconian Transmuter began the quest for the Orb.
     0 | D:1      | Reached XP level 1. HP: 16/16 MP: 3/3
   177 | D:1      | Reached XP level 2. HP: 23/23 MP: 3/5
   201 | D:1      | Learned a level 2 spell: Sticks to Snakes
   356 | D:1      | Reached skill level 3 in Transmutations
  1038 | D:2      | Reached XP level 3. HP: 22/28 MP: 4/6
  1106 | D:2      | Learned a level 3 spell: Spider Form
  1154 | D:2      | Reached skill level 4 in Transmutations
  1415 | D:2      | Reached XP level 4. HP: 35/35 MP: 0/7
  1552 | D:2      | Found a stormy altar of Qazlal.
  1950 | D:2      | Slain by a gnoll

Vault maps used:
D:1:      lightli_arrival_statue_moat
D:2:      nicolae_qazlal_eye_of_the_storm, uniq_natasha

Skill      XL: |  1  2  3 |
---------------+----------+-----
Transmutations | 3 4 |  4.4
Fighting       | |  1.1
Dodging        | |  1.8
Unarmed Combat | |  3.1
Spellcasting   | |  2.0

Action                   |  1- 3 |  4- 6 || total
-------------------------+-------+-------++-------
Melee: Unarmed           |    34 |       ||    34
       Tailslap          |     8 |     9 ||    17
       Kick              |     7 |       ||     7
       Dagger            |    42 |    69 ||   111
       Headbutt          |     1 |     1 ||     2
       Punch             |     1 |     1 ||     2
 Cast: Beastly Appendage |     8 |     1 ||     9
       Sticks to Snakes  |     8 |     2 ||    10
 Stab: Sleeping          |       |     1 ||     1
  Eat: Chunk             |     2 |     2 ||     4
Armor: Skin              |    11 |    20 ||    31
Dodge: Dodged            |    44 |    43 ||    87

Table legend:
 A = Spawn XP
 B = Non-spawn XP
 C = Spawn XP percentage of total XP
 D = Spawn monster count
 E = Non-spawn monster count
 F = Spawn count percentage of total count
 G = Total turns spent on level
                    A         B        C        D         E        F      G
               +---------+---------+-------+---------+---------+-------+---------
         Total |       0 |     122 |   0.0 |       0 |      41 |   0.0 |  1950
               +---------+---------+-------+---------+---------+-------+---------
           D:1 |       0 |      39 |   0.0 |       0 |      16 |   0.0 |  1011
           D:2 |       0 |      83 |   0.0 |       0 |      25 |   0.0 |   939
               +---------+---------+-------+---------+---------+-------+---------
